Map: Гордость Алтариса РВ

Players

FellBeast

  • Race: Terran Terran
  • League: Master
  • Spawn Location: 11:00

DungeonMastr - Winner!

  • Race: Terran Terran
  • League: Master
  • Spawn Location: 5:00

VOD

Have the link to the VOD?

Description

Time

  • Played on: Nov. 8, 2021, 8:26 a.m.
  • Length: 7:03
Show
View Real Time Build Order
Export as new Build Order

FellBeast Terran 

Build Orders:  

Get SALT Encoding   

  12  0:00  SCV  
  13  0:12  SCV  
  14  0:17  Supply Depot  
  14  0:24  SCV  
  15  0:38  SCV  
  15  0:41  Barracks  
  16  0:45  Refinery  
  16  0:50  SCV  
  16  0:53  Refinery  
  17  1:02  SCV  
  18  1:09  Supply Depot  
  18  1:15  SCV  
  19  1:29  Orbital Command  
  19  1:32  Reaper  
  20  1:44  Factory  
  20  1:54  SCV  
  21  2:04  Reaper  
  21  2:07  SCV  
  23  2:19  SCV  
  23  2:21  Command Center  
  24  2:33  Hellion  
  24  2:34  SCV  
  27  2:39  Reaper  
  28  2:46  Starport  
  28  2:47  SCV  
  29  2:55  Hellion  
  31  3:02  Supply Depot  
  31  3:16  Factory Tech Lab  
  31  3:24  SCV  
  31  3:25  Starport Tech Lab  
  32  3:29  Refinery  
  32  3:36  Orbital Command, SCV  
  36  3:48  SCV  
  36  3:52  Raven  
  33  4:00  SCV  
  33  4:05  SCV  
  33  4:08  Siege Tank  
  36  4:12  SCV  
  35  4:17  SCV  
  36  4:24  SCV  
  36  4:25  Command Center  
  36  4:29  SCV  
  38  4:37  SCV  
  41  4:41  Barracks, SCV, Supply Depot  
  41  4:42  Barracks, Raven  
  42  4:47  Siege Tank  
  42  4:49  SCV  
  46  4:53  SCV  
  46  4:54  Barracks Reactor  
  47  5:01  SCV  
  47  5:03  Engineering Bay  
  47  5:05  SCV  
  47  5:06  Engineering Bay  
  49  5:13  SCV  
  50  5:17  SCV  
  50  5:19  Siege Tank  
  54  5:24  Supply Depot  
  54  5:25  SCV, Starport Reactor  
  55  5:29  Barracks Reactor  
  55  5:31  SCV  
  56  5:36  Marine x2  
  56  5:37  SCV  
  56  5:38  Barracks x2  
  56  5:41  Marine  
  60  5:45  Refinery  
  60  5:51  SCV x2  
  60  5:56  Orbital Command  
  62  6:01  Marine  
  62  6:02  Marine  
  62  6:03  SCV x2, Marine  
  67  6:06  Viking  
  69  6:11  Viking  
  69  6:15  Orbital Command  
  69  6:16  Marine x2  
  73  6:19  Marine x2  
  73  6:20  SCV, Marine  
  77  6:27  SCV  
  77  6:30  Supply Depot  
  77  6:32  Supply Depot, SCV  
  79  6:34  Marine  
Show
View Real Time Build Order
Export as new Build Order

DungeonMastr Terran - Winner!

Build Orders: Cyclone Opening 

Get SALT Encoding   

  12  0:00  SCV  
  13  0:12  SCV  
  14  0:16  Supply Depot  
  14  0:27  Refinery  
  14  0:28  SCV  
  15  0:40  SCV  
  16  0:44  Barracks  
  16  0:52  SCV  
  16  0:55  Refinery  
  17  1:04  SCV  
  18  1:16  SCV  
  19  1:30  Orbital Command  
  19  1:32  Factory  
  19  1:34  Reaper  
  20  1:46  Supply Depot  
  20  1:56  SCV  
  21  2:08  SCV  
  21  2:09  Barracks Reactor  
  21  2:15  Factory Tech Lab  
  22  2:20  SCV  
  23  2:27  Command Center  
  23  2:33  SCV  
  24  2:39  Cyclone  
  27  2:48  Starport, SCV  
  27  2:49  Marine x2  
  30  3:00  SCV  
  31  3:17  Supply Depot  
  31  3:19  Barracks Tech Lab  
  31  3:38  Siege Tank, Viking, SCV  
  31  3:40  Orbital Command  
  37  3:42  Refinery  
  37  3:50  SCV  
  31  4:05  SCV  
  31  4:08  SCV  
  32  4:11  Siege Tank  
  34  4:18  Viking, SCV  
  34  4:19  Viking  
  34  4:20  SCV  
  40  4:30  SCV  
  41  4:32  SCV  
  42  4:39  Marine  
  42  4:42  SCV  
  42  4:43  Siege Tank  
  42  4:45  SCV  
  48  4:50  Viking  
  50  4:54  Viking, Supply Depot, SCV  
  50  4:57  SCV  
  54  5:10  Command Center  
  54  5:16  SCV x2  
  54  5:17  Supply Depot  
  54  5:19  Siege Tank  
  59  5:24  Viking  
  62  5:28  SCV  
  62  5:32  Refinery  
  62  5:36  Supply Depot  
  62  5:39  SCV  
  62  5:40  SCV  
  64  5:45  Liberator  
  67  5:51  SCV  
  67  5:52  SCV  
  69  5:57  Liberator  
  69  6:01  Supply Depot  
  69  6:02  Marine  
  73  6:05  SCV  
  73  6:07  SCV  
  75  6:12  Siege Tank  
  78  6:21  SCV  
  78  6:22  SCV  
  78  6:23  Orbital Command  
  78  6:25  Engineering Bay  
  80  6:26  Engineering Bay  
Tags
 
Add a new tag
Caveats
  • Supply blocks, unpowered buildings, or Contaminate may cause inaccurate times.
  • Supply counts are checked every 10 seconds.